 Dungeon Crawl Stone Soup version 0.17-a0-377-gdd46233 (webtiles) character file.

420 McCoppin the Basher (level 6, -8/66 HPs)
             Began as an Ogre Abyssal Knight on Apr 2, 2015.
             Was a Believer of Lugonu.
             Killed from afar by Dowan (9 damage)
             ... with a wand of magic darts
             ... on level 4 of the Dungeon.
             The game lasted 00:12:51 (4263 turns).

McCoppin the Basher (Ogre Abyssal Knight)           Turns: 4263, Time: 00:12:51

Health: -8/66      AC:  3    Str: 23    XL:     6   Next: 94%
Magic:  7/7        EV: 10    Int: 16    God:    Lugonu [**....]
Gold:   131        SH:  0    Dex:  9    Spells: 0 memorised, 5 levels left

rFire  . . .     SeeInvis .     B - +0 giant spiked club
rCold  . . .     Clarity  .     b - +0 robe
rNeg   . . .     SustAb   .     (no shield)
rPois  +         Gourm    +     (helmet restricted)
rElec  .         Spirit   .     (no cloak)
rCorr  .         Warding  .     (gloves unavailable)
rMut   .         Stasis   .     (boots unavailable)
MR     .....                    x - amulet of the gourmand
Stlth  +.........               g - +3 ring of strength
                                o - ring of poison resistance

@: brilliant, not resistant to hostile enchantments, very unstealthy
A: unfitting armour, tough skin 1
a: Depart the Abyss, Bend Space, Renounce Religion


You were on level 4 of the Dungeon.
You worshipped Lugonu.
Lugonu was pleased with you.
You were full.

You visited 1 branch of the dungeon, and saw 4 of its levels.
You visited the Abyss 1 time.

You collected 131 gold pieces.

Inventory:

Hand weapons
 a - a +1 mace
 q - a +0 whip
 t - a +0 club
 v - a +0 mace of protection
 B - a +0 giant spiked club (weapon)
Missiles
 n - 7 javelins of penetration (quivered)
 r - 5 needles of sleeping
 y - 8 needles of confusion
Armour
 b - a +0 robe (worn)
Jewellery
 g - a +3 ring of strength (right hand)
 k - an uncursed ring of protection from magic
 l - an uncursed ring of positive energy
 o - a ring of poison resistance (left hand)
 x - an amulet of the gourmand (around neck)
Magical devices
 m - a wand of random effects (8)
Scrolls
 d - 3 scrolls of identify
 e - 3 scrolls of remove curse
 h - 3 scrolls of random uselessness {unknown}
 i - a scroll of enchant weapon {unknown}
 z - a scroll of teleportation
Potions
 u - a potion of brilliance
Comestibles
 c - a bread ration
 f - a slice of pizza
 j - a fruit
 p - a royal jelly


   Skills:
 + Level 5.3 Fighting
 * Level 8.8 Maces & Flails
 - Level 2.1 Dodging
 - Level 2.0 Invocations


You had 5 spell levels left.
You didn't know any spells.

Dungeon Overview and Level Annotations

Branches:
Dungeon (4/15)
 Temple: D:4-7

Altars:
Gozag
Xom
The Shining One

Annotations:
D:4 Dowan


Innate Abilities, Weirdness & Mutations

You are too large for most types of armour.
You have tough skin (AC +1).


Message History

You miss Dowan.
Dowan is moderately wounded.
Dowan gestures at you while chanting. The shard of ice hits you!
* * * LOW HITPOINT WARNING * * *
Dowan completely misses you.
Drink which item? (? for menu, Esc to quit)
It was a potion of curing.
You feel better. Dowan barely misses you. Dowan hits you with a dagger.
* * * LOW HITPOINT WARNING * * *
Drink which item? (? for menu, Esc to quit)
It was a potion of restore abilities.
You feel refreshed.
Dowan says, "Magic will overcome all!"
Dowan zaps a wand.
The magic dart hits you!
* * * LOW HITPOINT WARNING * * *
You closely miss Dowan.
Dowan is moderately wounded.
Dowan casts a spell.
Dowan blinks!
Dowan zaps a wand.
The magic dart hits you!
You die...

#.#.....†..#.#..##.#
#.#######.##....##.#
#+# ##.##..#.##.#
.........##.#
.#.##.e.....#
#.#.......####
#.##....#.######...
+.....§............
##..@##.######...
#.###.###.#
#......)..#
#####.##### #.# #.#
#.# #.# ..#


You could see Dowan.

Vanquished Creatures
  Duvessa (D:4)
  An ogre (D:4)
  Ijyb (D:2)
  A worker ant (D:4)
  7 adders
  3 gnolls (D:2)
  A giant mite (D:2)
  A worm (D:3)
  3 giant geckos
  2 orcs (D:3)
  3 ball pythons
  8 bats
  4 giant cockroaches
  10 goblins
  6 hobgoblins
  7 jackals (D:3)
  10 kobolds
  2 quokkas
  2 giant newts (D:1)
  5 rats
78 creatures vanquished.

Notes
Turn   | Place    | Note
--------------------------------------------------------------
     0 | Abyss:1  | McCoppin, the Ogre Abyssal Knight, began the quest for the Orb.
     0 | Abyss:1  | Reached XP level 1. HP: 24/24 MP: 2/2
    60 | Abyss:1  | Noticed a wretched star
    63 | Abyss:1  | Noticed a hungry ghost
    64 | D:1      | Escaped the Abyss
   231 | D:1      | Reached XP level 2. HP: 29/32 MP: 3/3
   394 | D:1      | Acquired Lugonu's first power
   945 | D:2      | Reached XP level 3. HP: 28/39 MP: 4/4
   951 | D:2      | Reached skill level 5 in Maces & Flails
  1339 | D:2      | Found a shimmering altar of Xom.
  1361 | D:2      | Reached XP level 4. HP: 24/48 MP: 5/5
  1834 | D:2      | Reached skill level 6 in Maces & Flails
  2405 | D:2      | Found a glowing golden altar of the Shining One.
  2413 | D:2      | Reached XP level 5. HP: 52/54 MP: 6/6
  2600 | D:2      | Noticed Ijyb
  2636 | D:2      | Killed Ijyb
  2636 | D:2      | Reached skill level 7 in Maces & Flails
  3053 | D:3      | Found an opulent altar of Gozag.
  3152 | D:3      | Acquired Lugonu's second power
  3983 | D:4      | Noticed an ogre
  3998 | D:4      | Killed an ogre
  3998 | D:4      | Reached skill level 8 in Maces & Flails
  3998 | D:4      | Reached XP level 6. HP: 44/63 MP: 7/7
  4242 | D:4      | Noticed Duvessa
  4245 | D:4      | Noticed Dowan
  4250 | D:4      | Killed Duvessa
  4250 | D:4      | Reached skill level 5 in Fighting
  4260 | D:4      | HP: 2/66 [Dowan/shard of ice (16)]
  4263 | D:4      | Killed from afar by Dowan

Action                   |  1- 3 |  4- 6 || total
-------------------------+-------+-------++-------
Melee: Mace              |    74 |   138 ||   212
       Whip              |       |    91 ||    91
       Giant spiked club |       |    26 ||    26
Throw: Javelin           |       |     2 ||     2
Invok: Depart the Abyss  |     1 |       ||     1
  Use: Scroll            |     1 |     3 ||     4
       Potion            |       |     5 ||     5
  Eat: Chunk             |     1 |     7 ||     8
       Bread ration      |       |     2 ||     2
